 Dungeon Crawl Stone Soup version 0.31-a0-325-g067879e3d3 (webtiles) character file.

Game seed: 13233890802588920786

1819 AdnanSaban the Cudgeller (level 9, -3/55 HPs)
             Began as a Gargoyle Fighter on July 18, 2023.
             Was an Initiate of Okawaru.
             Slain by a gnoll
             ... wielding a +0 halberd
             ... led by a gnoll sergeant
              (8 damage)
             ... on level 6 of the Dungeon.
             The game lasted 00:06:55 (4916 turns).

AdnanSaban the Cudgeller (Gargoyle Fighter)         Turns: 4916, Time: 00:06:55

Health: -3/55      AC: 20    Str: 24    XL:     9   Next: 10%
Magic:  9/9        EV:  7    Int:  9    God:    Okawaru [......]
Gold:   355        SH:  9    Dex:  9    Spells: 8/8 levels left

rFire   + . .        q - +3 mace of the Gloaming {flame, rF+}
rCold   . . .        i - +0 kite shield
rNeg    + . .        o - +0 chain mail
rPois   ∞            x - +2 hat
rElec   +            y - +0 cloak
rCorr   .            (no gloves)
SInv    .            (no boots)
Will    .....        (no amulet) Stlth
                     (no ring)
HPRegen 0.29/turn    (no ring)
MPRegen 0.11/turn

%: no passive effects
@: studying Axes
A: sickness immunity, AC +6, negative energy resistance 1, electricity
resistance, torment resistance 1, petrification resistance
a: Renounce Religion


You were on level 6 of the Dungeon.
You worshipped Okawaru.
Okawaru was noncommittal.
You visited 2 branches of the dungeon, and saw 8 of its levels.

You collected 355 gold pieces.

Inventory:

Hand Weapons
 a - a +0 flail
 q - the +3 mace of the Gloaming (weapon) {flame, rF+}
   (You found it on level 3 of the Dungeon)

   rF:        It protects you from fire.
Armour
 i - a +0 kite shield (worn)
 o - a +0 chain mail (worn)
 x - a +2 hat (worn)
 y - a +0 cloak (worn)
Jewellery
 b - a ring of wizardry
 D - a ring of magical power
Wands
 w - a wand of polymorph (6)
Scrolls
 c - 2 scrolls of brand weapon {unknown}
 e - 2 scrolls of teleportation {unknown}
 f - a scroll of enchant weapon {unknown}
 g - 3 scrolls of revelation {unknown}
 j - 7 scrolls of identify {unknown}
 l - 3 scrolls of enchant armour {unknown}
 t - 4 scrolls of blinking {unknown}
 u - a scroll of fog {unknown}
 v - 2 scrolls of noise {unknown}
 z - 2 scrolls of fear {unknown}
 C - a scroll of vulnerability {unknown}
Potions
 d - 2 potions of might
 h - a potion of enlightenment {unknown}
 k - 9 potions of curing {unknown}
 m - a potion of brilliance {unknown}
 n - a potion of lignification {unknown}
 p - 4 potions of heal wounds {unknown}
 r - a potion of invisibility {unknown}
 s - a potion of ambrosia {unknown}
 A - 2 potions of attraction {unknown}
 B - a potion of mutation {unknown}
 E - a potion of haste {unknown}


   Skills:
 + Level 5.6 Fighting
 + Level 7.8 Maces & Flails
 + Level 7.0 Armour
 + Level 6.3 Shields


You had 8 spell levels left.
You didn't know any spells.
Your spell library contained the following spells:

 Spells                   Type           Power      Damage    Failure   Level
 Apportation              Tloc           0%         N/A       98%         1
 Foxfire                  Conj/Fire      0%         2x1d4     98%         1
 Sandblast                Erth           0%         2d4       98%         1
 Poisonous Vapours        Pois/Air       0%         N/A       99%         2
 Ignite Poison            Fire/Tmut/Pois 0%         N/A       100%        3
 Mephitic Cloud           Conj/Pois/Air  0%         N/A       100%        3
 Freezing Cloud           Conj/Ice/Air   0%         6-21      100%        5
 Cigotuvi's Dreadful Rot  Necr/Pois/Air  Unusable   N/A       N/A         2

Dungeon Overview and Level Annotations

Branches:
Dungeon (7/15)             Temple (1/1) D:6

Altars:
Cheibriados
Dithmenos
Hepliaklqana
Makhleb
Nemelex Xobeh
Okawaru
Ru
Trog
Uskayaw
Vehumet
Yredelemnul

Shops:
D:2 :


Innate Abilities, Weirdness & Mutations

You are immune to sickness and miasma.
Your stone body is resilient. (AC +6)
You are immune to poison.
You resist negative energy. (rN+)
You are resistant to electric shocks. (rElec)
You are resistant to unholy torment.
You are immune to petrification.


Message History

You hit the orc. You burn the orc.
You kill the orc!
Okawaru accepts your kill.
The orc priest calls down the wrath of Beogh upon you.
Beogh smites you! You block the gnoll's attack.
The gnoll sergeant hits you from afar with a +0 spear.
You block the gnoll's attack. You block the gnoll sergeant's attack.
You climb upwards.
There is a stone staircase leading down here.
You start resting.
HP restored.
You climb downwards.
The orc priest mumbles some strange prayers to Beogh against you.
Beogh smites you! The gnoll hits you but does no damage.
There is a stone staircase leading up here.
The orc priest invokes the aid of Beogh against you.
Beogh smites you!
A gnoll comes into view. It is wielding a +0 spear.
The gnoll shouts!
The gnoll hits you from afar with a +0 halberd!
You block the gnoll sergeant's attack. The gnoll hits you with a +0 halberd.
* * * LOW HITPOINT WARNING * * *
There is a stone staircase leading up here.
You block the gnoll's attack.
The gnoll sergeant hits you with a +0 spear.
* * * LOW HITPOINT WARNING * * *
You block the gnoll's attack.
The howler monkey hoots and howls with incredible vigour!
You hear a shout! x4
You climb upwards.
There is a stone staircase leading down here.
You hit the gnoll sergeant. You burn the gnoll sergeant.
The gnoll sergeant is lightly wounded.
The gnoll hits you with a +0 halberd!
* * * LOW HITPOINT WARNING * * *
The gnoll sergeant barely misses you.
You hit the gnoll sergeant but do no damage.
The gnoll sergeant is lightly wounded.
The gnoll hits you with a +0 halberd!
You die...

#..###)#....#.# #.##.# #.#
##..##<#^...#.###.##.###.#
##.####....#.....##.....#
#....###..#..###########
####..#......#
#.........##.#
#.......#÷...#
#.....gg#....#
#(.....@#...##
#......)#...#
#.......#...#
#.......#...#
##########.......#####
.................#
##################


You could see a gnoll sergeant and a gnoll.

Vanquished Creatures
  Edmund (D:6)
  2 water moccasins
  An ice beast (D:6)
  A sky beast (D:6)
  An ogre (D:6)
  A phantom (D:4)
  5 scorpions
  2 bullfrogs
  2 hounds (D:5)
  3 jellies
  4 orc priests
  4 iguanas
  2 sleepcaps (D:6)
  4 orc wizards
  Robin (D:4)
  5 adders
  3 white imps
  3 worms
  4 dart slugs
  14 orcs
  7 ball pythons
  7 bats
  4 endoplasms
  3 giant cockroaches
  15 goblins
  15 hobgoblins
  7 kobolds
  6 quokkas
  3 frilled lizards
  6 rats
136 creatures vanquished.

Notes
Turn   | Place    | Note
-------+----------+-------------------------------------------
     0 | D:1      | AdnanSaban the Gargoyle Fighter began the quest for the
                  | Orb.
     0 | D:1      | Reached XP level 1. HP: 14/14 MP: 1/1
   145 | D:1      | Reached XP level 2. HP: 14/19 MP: 2/2
   807 | D:2      | Reached XP level 3. HP: 23/23 MP: 3/3
   984 | D:2      | Found Hyfexuro's Book Shop.
  1282 | D:3      | Reached XP level 4. HP: 29/29 MP: 4/4
  1426 | D:3      | Identified the +3 mace of the Gloaming {flame, rF+}
  1431 | D:3      | Identified the +3 hand axe "Yxkicom" {heavy, Will++ Dex+3}
  1587 | D:3      | Found a faded altar of an unknown god.
  1623 | D:3      | Found a burning altar of Makhleb.
  1646 | D:3      | Found a radiant altar of Vehumet.
  2146 | D:4      | Noticed Robin
  2158 | D:4      | Killed Robin
  2159 | D:4      | Reached XP level 5. HP: 33/33 MP: 5/5
  2244 | D:4      | Got An Introduction to Thaumaturgy
  2516 | D:4      | Reached XP level 6. HP: 5/38 MP: 6/6
  2977 | D:5      | Entered Level 5 of the Dungeon
  2994 | D:5      | Reached XP level 7. HP: 37/44 MP: 7/7
  3083 | D:5      | Reached skill level 5 in Maces & Flails
  3245 | D:5      | Reached skill level 5 in Armour
  3245 | D:5      | Reached skill level 5 in Shields
  3587 | D:6      | Reached XP level 8. HP: 39/48 MP: 8/8
  3618 | D:6      | Reached skill level 5 in Fighting
  3843 | D:6      | Noticed Edmund
  3856 | D:6      | Killed Edmund
  4335 | D:6      | Found a staircase to the Ecumenical Temple.
  4345 | Temple   | Entered the Ecumenical Temple
  4356 | Temple   | Became a worshipper of Warmaster Okawaru
  4409 | D:7      | Reached XP level 9. HP: 34/54 MP: 9/9
  4916 | D:6      | Slain by a gnoll

Illustrated notes

Levels and vault maps discovered:
D:1:      lemuel_arrival_muddy, layout_basic
D:2:      layout_rooms, serial_shops, nicolae_book_shop_shelving,
          minmay_misc_feat_secret_circle
D:3:      kennysheep_six_static_rooms, layout_basic, lemuel_tele_altar,
          vehumet_crystals, chequers_ecumenical_altar_simple_redux
D:4:      layout_loops_ring, minmay_crystal_room, minmay_manual_maat, uniq_robin
D:5:      layout_basic
D:6:      layout_basic, minmay_temple_entry_statues_fountains, uniq_edmund
D:7:      layout_rooms, nicolae_overflow_hidden_temple
Temple:   nicolae_temple_figure_zero

Skill      XL: |  1  2  3  4  5  6  7  8  9 |
---------------+----------------------------+-----
Maces & Flails | 3 4 6 7 |  7.8
Shields        | 4 5 6 |  6.3
Armour         | 4 5 6 7 |  7.0
Fighting       | 4 5 |  5.6

Action                     |  1- 3 |  4- 6 |  7- 9 || total
---------------------------+-------+-------+-------++-------
  Melee: Flail             |   116 |    30 |       ||   146
         Mace              |       |   149 |   181 ||   330
         Unarmed           |       |     6 |       ||     6
 Armour: Scale mail        |    56 |     9 |       ||    65
         Chain mail        |       |   126 |   108 ||   234
         Skin              |       |     2 |       ||     2
  Dodge: Dodged            |    36 |    51 |    43 ||   130
  Block: Buckler           |     7 |       |       ||     7
         Kite shield       |    40 |    88 |    62 ||   190

Table legend: (Time is in decaauts)
 A = Elapsed time spent in this place.
 B = Non-inter-level travel time spent in this place.
 C = Inter-level travel time spent in this place.
 D = Time resting spent in this place.
 E = Time spent auto-exploring this place.
 F = Levels seen in this place.
 G = Mean time per level.
                   A        B        C        D        E       F      G
               +--------+--------+--------+--------+--------+-----+--------+
         Total |   5060 |   4899 |    161 |    304 |   3435 |   8 |  632.5 |
       Dungeon |   5039 |   4895 |    144 |    304 |   3435 |   7 |  719.9 |
        Temple |     20 |      3 |     17 |      0 |      0 |   1 |   20.0 |
               +--------+--------+--------+--------+--------+-----+--------+

Top non-repeatable levels by time:
     D:6: 1153 daAuts
     D:4: 996 daAuts
     D:1: 819 daAuts
     D:3: 738 daAuts
     D:5: 604 daAuts
     D:2: 527 daAuts
     D:7: 199 daAuts
  Temple: 20 daAuts
